 Dungeon Crawl Stone Soup version 0.18-b1-14-g029dad2 (webtiles) character file.

183 MTVSty1e the Covered (level 5, -8/34 HPs)
             Began as a Gargoyle Fighter on Apr 30, 2016.
             Mangled by Edmund
             ... wielding a +5 dire flail of holy wrath
              (21 damage)
             ... on level 4 of the Dungeon.
             The game lasted 00:12:12 (2592 turns).

MTVSty1e the Covered (Gargoyle Fighter)             Turns: 2592, Time: 00:12:12

Health: -8/34      AC: 19    Str: 25    XL:     5   Next: 62%
Magic:  5/5        EV:  5    Int:  9    God:
Gold:   239        SH: 10    Dex:  9    Spells: 0 memorised, 4 levels left

rFire  . . .     SeeInvis .     p - +6 club
rCold  . . .     Gourm    .     z - +0 plate armour
rNeg   + . .     Faith    .     c - +0 shield
rPois  ∞         Spirit   .     e - +0 helmet
rElec  +         Dismiss  .     j - +0 cloak
rCorr  .         Reflect  .     (no gloves)
SustAt .         Harm     .     x - +0 pair of boots
MR     .....                    (no amulet)
Stlth  ..........               (no ring)
                                t - +5 ring of strength

@: not resistant to hostile enchantments, extremely unstealthy
A: negative energy resistance 1, electricity resistance, unbreathing,
petrification resistance, rot immunity, AC +4
a: no special abilities


You were on level 4 of the Dungeon.
You were not hungry.

You visited 1 branch of the dungeon, and saw 4 of its levels.

You collected 239 gold pieces.

Inventory:

Hand Weapons
 a - a +0 flail
 p - a +6 club (weapon)
Armour
 b - a +0 scale mail
 c - a +0 shield (worn)
 e - a +0 helmet (worn)
 j - a +0 cloak (worn)
 x - a +0 pair of boots (worn)
 y - a +0 helmet
 z - a +0 plate armour (worn)
Jewellery
 t - a +5 ring of strength (left hand)
Scrolls
 h - a scroll of recharging {unknown}
 i - 2 scrolls of identify
 l - a scroll of blinking {unknown}
 m - a scroll of fog {unknown}
 n - 2 scrolls of enchant weapon {unknown}
 o - 2 scrolls of teleportation {unknown}
 r - a scroll of magic mapping {unknown}
 v - a scroll of remove curse {unknown}
Potions
 d - a potion of might
 g - a potion of invisibility
 k - a potion of haste
 q - a potion of heal wounds {unknown}
 s - a potion of lignification {unknown}
Comestibles
 f - 4 bread rations
 u - a royal jelly
 w - a beef jerky


   Skills:
 * Level 4.3 Fighting
 + Level 2.7 Maces & Flails
 * Level 4.4 Armour
 + Level 1.4 Dodging
 + Level 4.1 Shields


You had 4 spell levels left.
You didn't know any spells.

Dungeon Overview and Level Annotations

Branches:
Dungeon (4/15)
 Temple: D:4-7

Altars:

Annotations:
D:4 Edmund


Innate Abilities, Weirdness & Mutations

You are resistant to torment.
Your stone body is resilient (AC +4).
You are immune to poison.
You resist negative energy.
You are resistant to electric shocks.
You can survive without breathing.
You are immune to petrification.
You are immune to rotting.


Message History

Edmund hits you but does no damage.
You hit Edmund.
Edmund is lightly wounded.
Edmund drinks a potion.
Edmund goes berserk!
You hit Edmund.
Edmund is moderately wounded.
You block Edmund's attack.
Edmund hits you with a dire flail of holy wrath.
You thump Edmund!
Edmund is moderately wounded.
Edmund hits you with a dire flail of holy wrath!
You hit Edmund but do no damage.
Edmund is moderately wounded.
Edmund completely misses you. Edmund hits you but does no damage.
You hit Edmund.
Edmund is moderately wounded.
You block Edmund's attack.
Edmund hits you with a dire flail of holy wrath!!
Ouch! That really hurt!
You die...

#.#######.#.####
#.......#.#.#
#.#####.#.#..
#######.#####.#.####
................# ##
###########[###....#
#.# .. #.###.#
#..@..# ###@### #...
#.### ..# ###


You could see Edmund (berserk).

Vanquished Creatures
  An orc priest (D:3)
  Jessica (D:2)
  An orc wizard (D:3)
  A worker ant (D:3)
  2 adders
  10 orcs (D:3)
  3 giant cockroaches
  9 goblins
  6 hobgoblins
  4 jackals (D:2)
  A ball python (D:2)
  A bat (D:3)
  2 giant newts
  5 kobolds
  4 rats
51 creatures vanquished.

Vanquished Creatures (others)
  An orc (D:3)
1 creature vanquished.

Grand Total: 52 creatures vanquished

Notes
Turn   | Place    | Note
--------------------------------------------------------------
     0 | D:1      | MTVSty1e the Gargoyle Fighter began the quest for the Orb.
     0 | D:1      | Reached XP level 1. HP: 14/14 MP: 1/1
   732 | D:1      | Reached XP level 2. HP: 19/19 MP: 2/2
  1164 | D:2      | Noticed Jessica
  1186 | D:2      | Killed Jessica
  1186 | D:2      | Reached skill level 1 in Dodging
  1186 | D:2      | Reached XP level 3. HP: 17/24 MP: 3/3
  1719 | D:3      | Reached XP level 4. HP: 29/29 MP: 4/4
  1786 | D:3      | Reached XP level 5. HP: 16/33 MP: 5/5
  2580 | D:4      | Noticed Edmund
  2592 | D:4      | Mangled by Edmund

Skill      XL: |  1  2  3  4  5 |
---------------+----------------+-----
Dodging        | 1 |  1.4
Fighting       | 4 |  4.3
Armour         | 4 |  4.4
Shields        | 4 |  4.1
Maces & Flails | |  2.7

Action                   |  1- 3 |  4- 6 || total
-------------------------+-------+-------++-------
Melee: Flail             |    79 |       ||    79
       Club              |     6 |    66 ||    72
  Use: Scroll            |     1 |     1 ||     2
       Potion            |       |     3 ||     3
  Eat: Royal jelly       |     1 |       ||     1
       Bread ration      |     1 |       ||     1
Armor: Scale mail        |    44 |    26 ||    70
       Plate armour      |       |     4 ||     4
Dodge: Dodged            |    29 |    16 ||    45
Block: Shield            |    48 |    31 ||    79
